 Dungeon Crawl Stone Soup version 0.31-a0-175-g9f7f995f2b (webtiles) character file.

Game seed: 6345086933475933962

5 qw the Shooter (level 1, -1/12 HPs)
             Began as a Gargoyle Hunter on June 16, 2023.
             Slain by a rat (2 damage)
             ... on level 1 of the Dungeon.
             The game lasted 00:00:05 (71 turns).

qw the Shooter (Gargoyle Hunter)                      Turns: 71, Time: 00:00:06

Health: -1/12      AC:  5    Str: 14    XL:     1   Next: 80%
Magic:  1/1        EV: 11    Int:  9    God:
Gold:   0          SH:  0    Dex: 13    Spells: 0/0 levels left

rFire   . . .        a - +0 shortbow
rCold   . . .        (shield currently unavailable)
rNeg    + . .        c - +0 leather armour
rPois   inf          (no helmet)
rElec   +            (no cloak)
rCorr   .            (no gloves)
SInv    .            (no boots)
Will    .....        (no amulet)
Stlth   +            (no ring)
HPRegen 0.22/turn    (no ring)
MPRegen 0.07/turn

%: no passive effects
@: no status effects
A: sickness immunity, AC +2, negative energy resistance 1, electricity
resistance, torment resistance 1, petrification resistance
a: no special abilities


You were on level 1 of the Dungeon.
You visited 1 branch of the dungeon, and saw 1 of its levels.


Innate Abilities, Weirdness & Mutations

You are immune to sickness and miasma.
Your stone body is resilient. (AC +2)
You are immune to poison.
You resist negative energy. (rN+)
You are resistant to electric shocks. (rElec)
You are resistant to unholy torment.
You are immune to petrification.


   Skills:
 - Level 2.1 Fighting
 + Level 4.3 Ranged Weapons
 - Level 1.5 Dodging
 - Level 1.1 Stealth


You couldn't memorise any spells.
You didn't know any spells.
Your spell library was empty.

Inventory:

Hand Weapons
 a - a +0 shortbow (weapon)
Armour
 c - a +0 leather armour (worn)

Dungeon Overview and Level Annotations

Branches:
Dungeon (1/15)

Altars:

Shops:
D:1 (


Message History

A rat comes into view.
You shoot an arrow. The arrow hits the hobgoblin.
You kill the hobgoblin!
The kobold throws a stone.
The stone misses you.
You shoot an arrow. The arrow closely misses the rat.
The kobold throws a stone.
The stone closely misses you.
You shoot an arrow. The arrow closely misses the rat.
You shoot an arrow.
The arrow hits the rat but does no damage.
The kobold throws a stone.
The stone misses you.
You shoot an arrow.
The arrow hits the rat but does no damage.
You shoot an arrow. The arrow barely misses the rat.
The arrow hits the kobold but does no damage.
The rat bites you but does no damage. The rat closely misses you.
You shoot an arrow. The arrow barely misses the rat.
The arrow closely misses the kobold.
The rat bites you but does no damage.
You shoot an arrow. The arrow hits the rat.
The rat is moderately wounded.
The rat bites you but does no damage.
You shoot an arrow. The arrow closely misses the rat.
The rat bites you. The kobold hits you but does no damage.
You shoot an arrow. The arrow closely misses the rat.
The rat barely misses you.
The kobold hits you with a +1 dagger of protection.
The rat misses you. The kobold hits you but does no damage.
You shoot an arrow. The arrow closely misses the rat.
The kobold hits you with a +1 dagger of protection.
The rat bites you but does no damage.
You shoot an arrow. The arrow barely misses the rat.
The rat barely misses you. The kobold misses you.
You shoot an arrow. The arrow barely misses the rat.
The rat bites you but does no damage. The kobold hits you but does no damage.
You shoot an arrow. The arrow closely misses the rat.
The rat closely misses you.
The kobold hits you with a +1 dagger of protection.
You shoot an arrow. The arrow completely misses the rat.
The rat bites you.
You die...

....... ....(....#######
..........#.####
............#%########
........###.####.....#
........#%#%.........#
........###.\.###....#
......r.......#%#....###
......K@.####.###....##.
...########%#%%?.....##.
####...........
###.#.......###
#.#.......# #.#.......#
#.#.......# #(#.......#
#########


You could see a kobold and a rat.

Vanquished Creatures
  A dart slug (D:1)
  A hobgoblin (D:1)
  A frilled lizard (D:1)
  A rat (D:1)
4 creatures vanquished.

Notes
Turn   | Place    | Note
-------+----------+-------------------------------------------
     0 | D:1      | qw the Gargoyle Hunter began the quest for the Orb.
     0 | D:1      | Reached XP level 1. HP: 12/12 MP: 1/1
     0 | D:1      | 0 ||| qw: Version: 0.2-a-29-g511e9b1
     0 | D:1      | 0 ||| qw: Game counter: 21
     0 | D:1      | 0 ||| qw: Always use a shield: true
     0 | D:1      | 0 ||| qw: God list: Okawaru
     0 | D:1      | 0 ||| qw: Allow faded altars: false
     0 | D:1      | 0 ||| qw: Do Orc after D:15 true
     0 | D:1      | 0 ||| qw: Do second Lair branch before Depths: true
     0 | D:1      | 0 ||| qw: Lair rune preference: random
     0 | D:1      | 0 ||| qw: Plans: Normal, Zot:1-4, Slime:5, God:TSO, Crypt,
                  | Tomb, Abyss, Pan, Hells, Win
     0 | D:1      | 0 ||| PLANNING D:1-11
    23 | D:1      | Found Ykha's Antique Weapon Emporium.
    38 | D:1      | 38 ||| DROPPING scroll of butterflies.
    51 | D:1      | 51 ||| SHOPLISTING shimmering orcbow (178 gold, have 0).
    70 | D:1      | HP: 1/12 [kobold/+1 dagger of protection (4)]
    71 | D:1      | Slain by a rat

Levels and vault maps discovered:
D:1:      minmay_arrival_doors, layout_basic, serial_shops,
          nicolae_shop_gibbet_a_chance

Action                     || total
---------------------------++-------
   Fire: Shortbow          ||    21
 Armour: Leather armour    ||     8
  Dodge: Dodged            ||     9

Table legend:
 A = Non-vault XP
 B = Vault XP
 C = Vault XP percentage of total XP
 D = Non-vault monster count
 E = Vault monster count
 F = Vault count percentage of total count
                 A         B        C        D         E       F
            +---------+---------+-------+---------+---------+-------
      Total |       8 |       0 |   0.0 |       4 |       0 |   0.0
            +---------+---------+-------+---------+---------+-------
        D:1 |       8 |       0 |   0.0 |       4 |       0 |   0.0
            +---------+---------+-------+---------+---------+-------
